 Dungeon Crawl Stone Soup version 0.31-a0-232-gb1c03b2570 (webtiles) character file.

Game seed: 8944806627369272009

36 qw the Shooter (level 3, -11/29 HPs)
             Began as a Minotaur Hexslinger on July 7, 2023.
             Killed from afar by Ijyb (18 damage)
             ... with a bolt of light
             ... on level 2 of the Dungeon.
             The game lasted 00:00:18 (491 turns).

qw the Shooter (Minotaur Hexslinger)                 Turns: 491, Time: 00:00:19

Health: -11/29     AC:  5    Str: 12    XL:     3   Next: 19%
Magic:  3/3        EV: 11    Int: 10    God:
Gold:   47         SH:  0    Dex: 14    Spells: 3/4 levels left

rFire   . . .        Y - +1 sling
rCold   . . .        (no shield)
rNeg    . . .        e - +0 ring mail
rPois   .            (helmet restricted)
rElec   .            (no cloak)
rCorr   .            (no gloves)
SInv    .            (no boots)
Will    .....        (no amulet)
Stlth   +            (no ring)
HPRegen 0.24/turn    (no ring)
MPRegen 0.08/turn

%: no passive effects
@: no status effects
A: horns 2, retaliatory headbutt
a: no special abilities


You were on level 2 of the Dungeon.
You visited 1 branch of the dungeon, and saw 2 of its levels.

You collected 47 gold pieces.


Innate Abilities, Weirdness & Mutations

You have a pair of horns on your head.
You reflexively headbutt those who attack you in melee.


   Skills:
 - Level 2.0 Fighting
 + Level 3.7 Ranged Weapons
 - Level 2.1 Dodging
 - Level 1.0 Spellcasting
 - Level 2.0 Hexes


You had 3 spell levels left.
You knew the following spells:

 Your Spells              Type           Power      Damage    Failure   Level
a - Slow                  Hex            16%        N/A       34%         1

Your spell library contained the following spells:

 Spells                   Type           Power      Damage    Failure   Level
 Inner Flame              Hex/Fire       2%         N/A       83%         3
 Portal Projectile        Hex/Tloc       4%         N/A       83%         3
 Cause Fear               Hex            2%         N/A       98%         4

Inventory:

Hand Weapons
 Y - a +1 sling (weapon)
Armour
 a - a +1 pair of gloves of hurling
 e - a +0 ring mail (worn)
Potions
 g - a potion of invisibility {unknown}

Dungeon Overview and Level Annotations

Branches:
Dungeon (2/15)

Altars:

Annotations:
D:2 Ijyb


Message History

You shoot a sling bullet.
Ijyb shouts!
The sling bullet hits the goblin but does no damage.
A goblin comes into view. It is wielding a +0 club.
475 ||| Stepping ~*~*~tactically~*~*~ (outnumbered).
You shoot a sling bullet. The sling bullet hits the goblin!
You kill the goblin!
477 ||| Stepping ~*~*~tactically~*~*~ (outnumbered).
478 ||| Stepping ~*~*~tactically~*~*~ (outnumbered).
You shoot a sling bullet. The sling bullet hits the goblin.
You kill the goblin!
480 ||| Stepping ~*~*~tactically~*~*~ (outnumbered).
You shoot a sling bullet. The sling bullet barely misses Ijyb.
You shoot a sling bullet.
The sling bullet completely misses the goblin.
The goblin hits you but does no damage.
You shoot a sling bullet.
The sling bullet barely misses the goblin.
You shoot a sling bullet.
The sling bullet hits Ijyb but does no damage.
You shoot a sling bullet. The sling bullet closely misses Ijyb.
The goblin hits you but does no damage. Ijyb hits you but does no damage.
Ijyb barely misses you. You furiously retaliate!
You headbutt Ijyb. You shoot a sling bullet. The sling bullet hits Ijyb.
Ijyb is lightly wounded.
Ijyb hits you with a +0 dagger. The goblin barely misses you.
A goblin breaks down the door.
You shoot a sling bullet. The sling bullet hits Ijyb.
Ijyb is moderately wounded.
Ijyb zaps a wand.
The bolt of light hits you!
You are confused.
The goblin hits you with a +0 club. The goblin barely misses you.
The goblin hits you but does no damage. Ijyb closely misses you.
The goblin completely misses you. The goblin barely misses you.
Ijyb hits you but does no damage. The goblin hits you with a +0 club.
You feel less confused.
Ijyb zaps a wand.
The bolt of light hits you!!
Ouch! That really hurt!
You die...

....#......#.#
#.######......# #
#.#....## ..
####+#.....## ..
...........# ..
..........###.#
.............#.#
####'##+###...#.# ..
#.gg@##.###.#.#.#..#
#..gg............<.#
###)###.....#......#
#..#########.##..#
#..8. #.# .# #..g...
#.# .. #..g)g..g #.#
. #......g. #.#
#.....).. #.#


You could see Ijyb and 3 goblins.

Vanquished Creatures
  A dart slug (D:1)
  3 bats
  3 endoplasms (D:1)
  3 giant cockroaches (D:1)
  4 goblins
  3 hobgoblins (D:1)
  3 jackals (D:1)
  2 quokkas (D:1)
  4 kobolds (D:1)
  3 rats
29 creatures vanquished.

Notes
Turn   | Place    | Note
-------+----------+-------------------------------------------
     0 | D:1      | qw the Minotaur Hexslinger began the quest for the Orb.
     0 | D:1      | Reached XP level 1. HP: 16/16 MP: 1/1
     0 | D:1      | 0 ||| qw: Version: 0.3-a-46-gb1f654a
     0 | D:1      | 0 ||| qw: Game counter: 2817
     0 | D:1      | 0 ||| qw: Melee chars always use a shield: true
     0 | D:1      | 0 ||| qw: God list: Okawaru
     0 | D:1      | 0 ||| qw: Allow faded altars: false
     0 | D:1      | 0 ||| qw: Do Orc after clearing Dungeon:15 true
     0 | D:1      | 0 ||| qw: Do second Lair branch before Depths: true
     0 | D:1      | 0 ||| qw: Lair rune preference: random
     0 | D:1      | 0 ||| qw: Goals: Normal
     0 | D:1      | 0 ||| PLANNING D:1-11
    58 | D:1      | Reached skill level 3 in Ranged Weapons
    67 | D:1      | Reached XP level 2. HP: 23/23 MP: 2/2
   368 | D:1      | Reached XP level 3. HP: 29/29 MP: 3/3
   409 | D:1      | 409 ||| UPGRADING to +0 ring mail.
   419 | D:1      | 419 ||| DROPPING +0 robe.
   420 | D:1      | 420 ||| READING scroll labelled URCHUMP FYCUYMN.
   421 | D:1      | 421 ||| READING scroll labelled ZOMOUPH REOMN.
   422 | D:1      | 422 ||| DROPPING scroll of poison.
   473 | D:2      | Noticed Ijyb
   475 | D:2      | 475 ||| Stepping ~*~*~tactically~*~*~ (outnumbered).
   477 | D:2      | 477 ||| Stepping ~*~*~tactically~*~*~ (outnumbered).
   478 | D:2      | 478 ||| Stepping ~*~*~tactically~*~*~ (outnumbered).
   480 | D:2      | 480 ||| Stepping ~*~*~tactically~*~*~ (outnumbered).
   490 | D:2      | HP: 7/29 [goblin/+0 club (4)]
   491 | D:2      | Killed from afar by Ijyb

Levels and vault maps discovered:
D:1:      dpeg_arrival_tiny_c, layout_rooms
D:2:      kennysheep_the_goblin_king, layout_basic,
          dreamdust_ecumenical_altar_hidden_monk_grotto, solitary_fountain,
          chequers_big_river, minmay_hexomino_u4

Skill      XL: |  1  2 |
---------------+-------+-----
Ranged Weapons | 3 |  3.7
Fighting       | 2 |  2.0
Dodging        | |  2.1
Spellcasting   | |  1.0
Hexes          | |  2.0

Action                     || total
---------------------------++-------
   Fire: Sling             ||    79
    Use: Scroll            ||     2
 Armour: Robe              ||     7
         Ring mail         ||     7
  Dodge: Dodged            ||    28

Table legend:
 A = Non-vault XP
 B = Vault XP
 C = Vault XP percentage of total XP
 D = Non-vault monster count
 E = Vault monster count
 F = Vault count percentage of total count
                 A         B        C        D         E       F
            +---------+---------+-------+---------+---------+-------
      Total |      47 |       5 |   9.6 |      26 |       3 |  10.3
            +---------+---------+-------+---------+---------+-------
        D:1 |      45 |       0 |   0.0 |      24 |       0 |   0.0
        D:2 |       2 |       5 |  71.4 |       2 |       3 |  60.0
            +---------+---------+-------+---------+---------+-------
